 Dungeon Crawl Stone Soup version 0.30-a0-1112-gfb780f5df6 (webtiles) character file.

Game seed: 6466278781937230931

168 kae the Changer (level 5, -1/40 HPs)
             Began as a Draconian Transmuter on Apr 19, 2023.
             Frozen to death by an endoplasm (4 damage)
             ... on level 3 of the Dungeon.
             The game lasted 00:03:10 (2664 turns).

kae the Changer (Draconian Transmuter)              Turns: 2664, Time: 00:03:11

Health: -1/40      AC:  2    Str: 13    XL:     5   Next: 24%
Magic:  5/9        EV: 19    Int: 15    God:
Gold:   150        SH:  0    Dex: 16    Spells: 4/10 levels left

rFire   . . .      SeeInvis .      - Unarmed
rCold   . . .      Faith    .    (shield currently unavailable)
rNeg    . . .      Spirit   .    (body armour unavailable)
rPois   x          Reflect  .    (helmet currently unavailable)
rElec   .          Rampage  .    (cloak currently unavailable)
rCorr   .                        (gloves currently unavailable)
Will    .....                    (boots currently unavailable)
Stlth   +                        (no amulet)
HPRegen 0.26/turn                (no ring)
MPRegen 0.11/turn                (no ring)

@: spider-form
A: venomous fangs, AC +5, tiny, unfitting armour, (cold-blooded)
a: End Transformation


You were on level 3 of the Dungeon.
You were a venomous arachnid creature.
You visited 1 branch of the dungeon, and saw 4 of its levels.

You collected 150 gold pieces.


Innate Abilities, Weirdness & Mutations

You are a venomous arachnid creature.
You have venomous fangs.
You are tiny and dextrous.
Your spellcasting is less reliable in this form.
Your armour is entirely melded.
You are incapable of wielding weapons or throwing items.
((Your plain brown scales are hard. (AC +5)))
You cannot fit into any form of body armour.
((You are cold-blooded and may be slowed by cold attacks.))


   Skills:
 - Level 1.1 Fighting
 - Level 1.7 Dodging
 - Level 3.0 Unarmed Combat
 + Level 3.0 Spellcasting
 * Level 4.0 Transmutations
 - Level 2.5 Poison Magic


You had 4 spell levels left.
You knew the following spells:

 Your Spells              Type           Power      Damage    Failure   Level
a - Beastly Appendage     Tmut           28%        N/A       12%         1
b - Wereblood             Tmut           14%        N/A       17%         2
c - Spider Form           Tmut/Pois      12%        N/A       34%         3

Your spell library contained the following spells:

 Spells                   Type           Power      Damage    Failure   Level
 Ice Form                 Ice/Tmut       8%         N/A       83%         4
 Cause Fear               Hex            1%         N/A       97%         4
 Dragon Form              Tmut           7%         N/A       100%        7
 Dragon's Call            Summ           1%         N/A       100%        9

Inventory:

Missiles
 d - 3 boomerangs
 e - 34 stones
 i - 10 poisoned darts
Jewellery
 F - a ring of fire
   (You found it on level 1 of the Dungeon)
Scrolls
 c - a scroll of enchant weapon
 h - a scroll of immolation {!r!r}
Potions
 a - a potion of lignification {!q}
 b - 2 potions of haste {@q3}
 f - a potion of cancellation
 g - 2 potions of curing {@q1}
 j - a potion of degeneration {unknown}

Dungeon Overview and Level Annotations

Branches:
Dungeon (4/15) Zot: 21331
 Temple: D:4-7

Altars:

Annotations:
D:3 Grinder

###.###..## #...)...#
###....#..###.).)...#
>.####).............#
#...................#
######..............#
#...รท..........#
#..<...........#
#..........J...#
#..........s...#
################


You could see an endoplasm.


Message History

A ball python is nearby!
A ball python is nearby!
The ball python hisses angrily.
A kobold comes into view. It is wielding a +0 club.
Casting: Spider Form (dangerous; 16% risk of failure)
Confirm with . or Enter, or press ? or * to list all spells.
You turn into a venomous arachnid creature.
The ball python closely misses you. x2 ๐Ÿ˜Ž MP[-3]
You lost 3 mp, and now have 6/9 mp.
You hit the ball python.
You kill the ball python!
The kobold throws a stone.
The stone misses you.
You hit the kobold.
The kobold is poisoned.
You hit the kobold.
You kill the kobold!
No target in view!
No target in view!
Your transformation is almost over.
e - 34 stones (gained 5)
You see here a +0 club.
You now have 150 gold pieces (gained 12).
Your transformation has ended. ๐Ÿ˜Ž MP[+1]
Found a stone staircase leading down.
g - 2 potions of curing {@q1} (gained 1) ๐Ÿ˜Ž MP[+1] Key pressed, stopping explore.
Unknown command. ๐Ÿ˜Ž MP[+1]
Your mp is fully restored (9).
Found a stone staircase leading down.
A gnoll comes into view. It is wielding a +0 halberd.
Found a stone staircase leading up.
A gnoll is nearby!
A gnoll is nearby!
A gnoll is nearby!
A gnoll and an endoplasm come into view.
The gnoll shouts!
You hear a shout!
A gnoll comes into view. It is wielding a +0 spear.
Casting: Spider Form (dangerous; 16% risk of failure)
Confirm with . or Enter, or press ? or * to list all spells.
You turn into a venomous arachnid creature.
The endoplasm quivers.
The gnoll barely misses you. The gnoll misses you. ๐Ÿ˜Ž MP[-3]
You lost 3 mp, and now have 6/9 mp.
The gnoll barely misses you. The gnoll closely misses you.
You hit the gnoll.
The gnoll is poisoned.
The gnoll misses you. x2
You hit the gnoll but do no damage. The gnoll closely misses you.
The gnoll hits you from afar with a +0 spear!
The gnoll hits you with a +0 halberd!
* * * LOW HITPOINT WARNING * * *
You are too injured to fight recklessly! ๐Ÿ˜จ HP[-24]
You take 24 damage, and now have 16/40 hp.
MASSIVE DAMAGE!! (PAUSE)
The endoplasm attacks as you move away! The endoplasm misses you.
The gnoll hits you from afar with a +0 halberd!
* * * LOW HITPOINT WARNING * * *
๐Ÿ˜ฑ HP[-8]
You take 8 damage, and now have 8/40 hp. ๐Ÿ˜ฑ HP[+1]
The endoplasm attacks as you move away!
The endoplasm closely misses you. ๐Ÿ˜ฑ MP[+1]
Your transformation has ended. ๐Ÿ˜ฑ HP[+1]
The endoplasm attacks as you move away! The endoplasm barely misses you.
You kill the gnoll!
Your Spellcasting skill increases to level 3!
Your Transmutations skill increases to level 4! ๐Ÿ˜จ HP[+1]
The endoplasm jiggles. ๐Ÿ˜จ MP[+1] ๐Ÿ˜จ HP[+1]
The endoplasm attacks as you move away! The endoplasm closely misses you.
There is a stone staircase leading up here.
The gnoll hits you from afar with a +0 spear.
* * * LOW HITPOINT WARNING * * *
The gnoll hits you from afar with a +0 spear!
* * * LOW HITPOINT WARNING * * *
The endoplasm freezes you.
You are frozen.
* * * LOW HITPOINT WARNING * * *
You feel yourself slow down.
You climb upwards.
Level annotation: Grinder You feel yourself speed up.
There is a stone staircase leading down here. ๐Ÿ˜ฑ HP[-9]
You take 9 damage, and now have 3/40 hp.
MASSIVE DAMAGE!! (PAUSE)
Casting: Spider Form (dangerous; 16% risk of failure)
Confirm with . or Enter, or press ? or * to list all spells.
You turn into a venomous arachnid creature.
The endoplasm closely misses you. The endoplasm freezes you.
You are frozen.
You die...

Skill      XL: |  1  2  3  4  5 |
---------------+----------------+-----
Poison Magic   | 1 2 |  2.5
Transmutations | 3 4 |  4.0
Spellcasting   | 3 |  3.0
Fighting       | |  1.1
Dodging        | |  1.7
Unarmed Combat | |  3.0

Action                     |  1- 3 |  4- 6 || total
---------------------------+-------+-------++-------
  Melee: Unarmed           |   109 |    77 ||   186
         Kick              |    13 |     4 ||    17
         Headbutt          |    10 |     2 ||    12
         Tailslap          |    10 |     2 ||    12
   Cast: Beastly Appendage |    20 |     6 ||    26
         Spider Form       |     3 |    10 ||    13
         Wereblood         |       |     3 ||     3
    Use: Scroll            |     5 |     3 ||     8
         Potion            |       |     1 ||     1
 Armour: Skin              |    26 |    10 ||    36
  Dodge: Dodged            |    72 |    86 ||   158

Levels and vault maps discovered:
D:1:      dpeg_arrival_subterranean_lakeside_camping, layout_basic
D:2:      minmay_skewed_foursquare, layout_loops_ring,
          hellmonk_ecumenical_altar_blasted, uniq_jessica
D:3:      layout_rooms, mainiacjoe_overflow_alcove_4,
          nicolae_dithmenos_shadow_blocks, wad_floor_pattern_untrapped,
          uniq_grinder, uniq_robin, uniq_natasha
D:4:      layout_rooms, mainiacjoe_overflow_alcove_1,
          mainiacjoe_overflow_chevrons, lemuel_temple_firewalk_a,
          hellmonk_ghost_happy_afterlife, chequers_serial_rivers_room_b

Notes
Turn   | Place    | Note
-------+----------+-------------------------------------------
     0 | D:1      | kae the Draconian Transmuter began the quest for the Orb.
     0 | D:1      | Reached XP level 1. HP: 16/16 MP: 3/3
     0 | D:1      | magus.rc [v1.11.3]
   205 | D:1      | Reached XP level 2. HP: 21/23 MP: 3/5
   244 | D:1      | Reached skill level 1 in Poison Magic
   376 | D:1      | Learned a level 2 spell: Wereblood
   854 | D:1      | Reached XP level 3. HP: 28/28 MP: 6/6
   861 | D:1      | Learned a level 3 spell: Spider Form
  1180 | D:2      | Identified a scroll of acquirement
  1180 | D:2      | Acquired a book of the Dragon
  1181 | D:2      | You pick up a book of the Dragon and begin reading...
  1181 | D:2      | You add the spells Cause Fear, Dragon Form and Dragon's
                  | Call to your library.
  1344 | D:2      | Found a faded altar of an unknown god.
  1527 | D:2      | Noticed Jessica
  1533 | D:2      | Killed Jessica
  1534 | D:2      | Reached skill level 3 in Transmutations
  1534 | D:2      | Reached skill level 2 in Poison Magic
  1534 | D:2      | Reached XP level 4. HP: 30/35 MP: 3/7
  2120 | D:3      | Noticed Grinder
  2337 | D:3      | Noticed Natasha
  2337 | D:3      | Noticed Robin
  2346 | D:3      | Killed Natasha
  2365 | D:3      | Reached XP level 5. HP: 27/40 MP: 3/9
  2382 | D:3      | Killed Robin
  2481 | D:3      | Paralysed by Grinder for 3 turns
  2490 | D:3      | HP: 9/40 [Grinder (3)]
  2493 | D:3      | Paralysed by Grinder for 2 turns
  2499 | D:3      | Paralysed by Grinder for 2 turns
  2504 | D:3      | Paralysed by Grinder for 2 turns
  2593 | D:3      | You fall into a shaft and drop 1 floor!
  2646 | D:4      | HP: 8/40 [gnoll/+0 halberd (8)]
  2655 | D:4      | Reached skill level 3 in Spellcasting
  2655 | D:4      | Reached skill level 4 in Transmutations
  2661 | D:4      | HP: 3/40 [gnoll/+0 spear (8)]
  2664 | D:3      | Frozen to death by an endoplasm

Vanquished Creatures
  Jessica (D:2)
  Natasha (D:3)
  Robin (D:3)
  A gnoll (D:4)
  An adder (D:2)
  3 worms
  A dart slug (D:1)
  6 bats
  5 endoplasms
  2 giant cockroaches
  14 goblins
  12 hobgoblins
  A quokka (D:2)
  4 ball pythons
  6 frilled lizards
  11 kobolds
  6 rats
76 creatures vanquished.

Table legend:
 A = Non-vault XP
 B = Vault XP
 C = Vault XP percentage of total XP
 D = Non-vault monster count
 E = Vault monster count
 F = Vault count percentage of total count
                 A         B        C        D         E       F
            +---------+---------+-------+---------+---------+-------
      Total |     109 |     132 |  54.8 |      48 |      28 |  36.8
            +---------+---------+-------+---------+---------+-------
        D:1 |      39 |       8 |  17.0 |      25 |       6 |  19.4
        D:2 |      33 |      50 |  60.2 |      11 |       8 |  42.1
        D:3 |      19 |      74 |  79.6 |       9 |      14 |  60.9
        D:4 |      18 |       0 |   0.0 |       3 |       0 |   0.0
            +---------+---------+-------+---------+---------+-------

Illustrated notes

Table legend:
 A = Kills in this place as a percentage of kills in the entire game.
 B = Kills by you in this place as a percentage of kills by you in the entire game.
 C = Kills by friends in this place as a percentage of kills by friends in the entire game.
 D = Other kills in this place as a percentage of other kills in the entire game.
 E = Experience gained in this place as a percentage of experience gained in the entire game.
 F = Experience gained in this place divided by the number of levels of this place that you have seen.
                   A       B       C       D       E      F
               +-------+-------+-------+-------+-------+----------------------
         Total | 100.0 | 100.0 |   N/A |   N/A | 100.0 |  60.2
       Dungeon | 100.0 | 100.0 |   N/A |   N/A | 100.0 |  60.2
               +-------+-------+-------+-------+-------+----------------------

Table legend: (Time is in decaauts)
 A = Elapsed time spent in this place.
 B = Non-inter-level travel time spent in this place.
 C = Inter-level travel time spent in this place.
 D = Time resting spent in this place.
 E = Time spent auto-exploring this place.
 F = Levels seen in this place.
 G = Mean time per level.
                   A        B        C        D        E       F      G
               +--------+--------+--------+--------+--------+-----+--------+
         Total |   2668 |   2492 |    176 |     43 |   1910 |   4 |  667.0 |
       Dungeon |   2668 |   2492 |    176 |     43 |   1910 |   4 |  667.0 |
               +--------+--------+--------+--------+--------+-----+--------+

Top non-repeatable levels by time:
     D:1: 1176 daAuts
     D:2: 1054 daAuts
     D:3: 369 daAuts
     D:4: 68 daAuts
